cohdb
Replays
Latest Replays
All Replays
Popular Replays
Top Player Replays
Match Explorer
How It Works
Community
CoH3 Stats
Reddit
Sign in to upload your games and track your stats! →
Sign in with Steam
Match 41313997
Unlisted
Match 41313997
Overview
Messages
Build Orders
End
Construct Barracks
Riflemen Squad
Riflemen Squad
Engineer Squad
Construct Medical Station
Construct Weapon Support Center
M1919 Machine Gun Team
Mechanized Support Center
Selects Heavy Weapons
Selects M2HB .50cal Heavy Machine Gun
Selects Assault Carriers
M3 Assault Carrier
M1918 Browning Automatic Rifles
Grenade Package
Riflemen Squad
Bazooka Squad
Riflemen Squad
Scout Squad
Selects Halftrack Strongpoints
Construct Tank Depot
Selects M26 Pershing Heavy Tank
Selects M26 Pershing Heavy Tank
M26 Pershing Heavy Tank
M4(105) Sherman Bulldozer
M18 Hellcat Tank Destroyer
Bazooka Squad
Designate Forward Repair Station
Riflemen Squad
he565
Grand.G
0
0
Comments
sign in to comment!
No comments posted yet!